Map: Tours du crépuscule

Players

Maximus - Winner!

  • Race: Terran Terran
  • League: Bronze
  • Spawn Location: 1:00

zidar

  • Race: Zerg Zerg
  • League: Silver
  • Spawn Location: 7:00

VOD

Have the link to the VOD?

Description

Time

  • Played on: Nov. 28, 2015, 2:59 p.m.
  • Length: 10:52
Show
View Real Time Build Order
Export as new Build Order

Maximus Terran - Winner!

Build Orders: Reaper Expand 

Get SALT Encoding   

  12  0:02  SCV  
  13  0:15  SCV  
  14  0:26  Supply Depot  
  14  0:31  SCV  
  15  0:47  SCV  
  15  0:48  Barracks  
  16  0:54  Refinery  
  16  0:59  SCV  
  17  1:11  SCV  
  18  1:35  Command Center  
  18  1:36  SCV, Supply Depot  
  19  1:41  Reaper  
  19  2:14  Orbital Command  
  19  2:17  Barracks  
  19  2:20  Barracks  
  19  2:30  Barracks Tech Lab  
  19  2:38  Refinery  
  19  2:40  SCV  
  20  2:52  SCV  
  21  3:04  SCV  
  22  3:28  Barracks Reactor x2  
  22  3:31  Stimpack  
  22  3:37  SCV  
  22  3:38  Factory  
  23  3:44  SCV  
  24  3:49  SCV  
  25  3:56  SCV  
  25  4:01  SCV  
  27  4:08  SCV  
  27  4:11  Marine x5  
  27  4:13  SCV  
  27  4:16  Supply Depot  
  33  4:20  SCV  
  34  4:24  Factory Reactor  
  34  4:26  SCV  
  34  4:28  Marine  
  34  4:29  Marine x4  
  40  4:31  Starport  
  40  4:32  SCV  
  40  4:38  SCV  
  42  4:44  SCV  
  43  4:46  Marine  
  43  4:50  SCV  
  45  4:57  SCV  
  45  4:58  Marine  
  45  4:59  Marine  
  48  5:00  Marauder  
  48  5:02  SCV  
  51  5:08  Medivac  
  51  5:09  SCV  
  54  5:15  Supply Depot  
  54  5:21  Marauder, SCV, Orbital Command  
  54  5:25  Refinery  
  54  5:27  Refinery  
  57  5:31  Combat Shield  
  57  5:44  Factory Reactor  
  57  5:48  Marine x2  
  57  5:49  Marine  
  60  5:52  Supply Depot  
  60  5:59  SCV  
  60  6:01  Marine x2  
  63  6:05  Medivac x2  
  63  6:06  Marine x3  
  70  6:13  SCV x2, Supply Depot  
  72  6:19  Marine  
  72  6:20  Marauder  
  75  6:25  SCV x2  
  77  6:35  Medivac  
  77  6:37  SCV  
  80  6:41  Marauder  
  82  6:50  Marine x2, Concussive Shells, SCV  
  82  6:51  Marine  
  86  6:57  Supply Depot  
  86  7:06  Barracks  
  86  7:08  Barracks  
  86  7:19  Marine x4, Marauder, Medivac  
  86  7:20  Supply Depot x2  
  94  7:32  Liberator  
  94  7:35  Medivac  
  94  7:37  Marine x2  
  88  7:41  Marauder  
  88  7:43  Marine x2  
  88  7:44  Supply Depot  
  92  7:48  Liberator  
  95  7:54  Marine x2  
  95  7:55  Marine x2  
  99  8:01  Marine x2  
  99  8:02  Marauder  
  106  8:07  Supply Depot  
  106  8:10  Command Center  
  106  8:12  Marine x2  
  105  8:23  Marine x3  
  105  8:24  Marauder  
  110  8:27  Barracks Reactor  
  110  8:36  Liberator x2  
  110  8:41  Marine  
  110  8:42  Marine x4  
  110  8:45  Marauder  
  110  9:07  Barracks Reactor  
  110  9:08  Marine x4  
  114  9:12  Engineering Bay  
  114  9:16  Engineering Bay  
  114  9:19  Liberator  
  114  9:35  Marine x4  
  114  9:36  Marine x3, Medivac  
  126  9:50  Marine x2  
  128  9:53  Marine x5  
  133  10:06  Medivac  
  135  10:19  Medivac  
  128  10:26  Marine x6  
Show
View Real Time Build Order
Export as new Build Order

zidar Zerg 

Build Orders: Hatch First 

Get SALT Encoding   

  12  0:02  Drone  
  13  0:12  Overlord  
  13  0:20  Drone  
  14  0:37  Drone x3  
  17  0:59  Hatchery, Drone  
  17  1:03  Extractor, Drone  
  17  1:31  Spawning Pool, Drone  
  17  1:32  Drone  
  17  1:36  Overlord  
  18  1:47  Drone  
  19  2:04  Drone  
  19  2:05  Drone  
  21  2:15  Drone  
  21  2:20  Zergling x2  
  22  2:22  Queen  
  22  2:23  Queen  
  22  2:25  Zergling x4  
  28  2:32  Metabolic Boost  
  28  2:37  Extractor  
  26  3:45  Baneling Nest  
  25  3:50  Zergling x4  
  25  3:53  Drone x4  
  25  3:54  Drone x3  
  34  4:08  Hatchery  
  33  4:28  Queen  
  33  4:30  Overlord x2  
  33  4:31  Overlord x2  
  35  4:44  Baneling x3  
  35  4:48  Queen  
  37  5:18  Lair  
  37  5:26  Drone x9  
  37  5:27  Drone x6  
  52  6:13  Zergling x2  
  52  6:14  Zergling x12  
  52  6:17  Overlord  
  52  6:18  Overlord x3  
  59  6:20  Centrifical Hooks  
  59  6:25  Spire  
  58  6:33  Extractor x2  
  56  7:01  Evolution Chamber, Zergling x10  
  58  7:02  Evolution Chamber, Zergling x2  
  58  7:05  Baneling x5  
  51  7:44  Queen  
  53  7:53  Zergling x8  
  53  7:54  Zergling x8  
  53  7:55  Zergling x4  
  53  7:57  Baneling  
  53  7:58  Baneling x2  
  62  8:24  Corruptor  
  62  8:25  Corruptor x4  
  72  8:38  Zergling x4  
  72  8:39  Zergling x2  
  70  9:23  Queen  
  72  9:25  Queen  
  72  9:26  Queen  
  76  9:34  Zergling x8  
  76  9:35  Zergling x14  
  53  10:26  Zergling x18  
  53  10:27  Zergling x12  
Tags
 
Add a new tag
Caveats
  • Supply blocks, unpowered buildings, or Contaminate may cause inaccurate times.
  • Supply counts are checked every 10 seconds.